Cogmind - Beta 10.1 @@@ ROGUE MODE // 2020.09.24 @ 21:37:57 Player: HOTSOUP Result: Destroyed by G-34 Mercenary with Small Laser Performance ------------- Evolutions (0) 0 Regions Visited (2) 400 Robots Destroyed (4) 20 Value Destroyed (56) 56 Prototype IDs (0) 0 Alien Tech Used (0) 0 Bonus (0) 0 TOTAL SCORE: 476 Bonus ------- None Cogmind --------- Core Integrity 0/250 Matter 300/300 Energy 100/100 System Corruption 0% Temperature Cool (6) Movement Core (50) Location -10/Mines Parts ------- > --- POWER (1) -------- (None) > --- PROPULSION (2) --- (None) > --- UTILITY (2) ------ Signal Interpreter > --- WEAPON (2) ------- Hammer > --- INVENTORY (4) ---- Improved Ion Engine EMP Blaster EMP Blaster Datajack Peak State ------------ > --- POWER ------------ Improved Ion Engine > --- PROPULSION ------- (None) > --- UTILITY ---------- Signal Interpreter > --- WEAPON ----------- EMP Blaster EMP Blaster > --- INVENTORY -------- EMP Blaster EMP Blaster Datajack Hammer [Rating: 7] Favorites ----------- Power Improved Ion Engine Engine Improved Ion Engine Propulsion None Utility Signal Interpreter Processor Signal Interpreter Weapon Hammer Launcher EMP Blaster Impact Weapon Hammer Build | -11 -10 -10 ------- Run | Scr Mat Min Slots Evolved . | . . . Power . | . . . Propulsion . | . . . Utility . | . . . Weapon . | . . . Parts Attached 5 | . 4 1 Power 1 | . 1 . Engine 1 | . 1 . Core . | . . . Reactor . | . . . Propulsion . | . . . Treads . | . . . Leg . | . . . Wheel . | . . . Hover . | . . . Flight . | . . . Utility 1 | . 1 . Device . | . . . Storage . | . . . Processor 1 | . 1 . Hackware . | . . . Protection . | . . . Artifact . | . . . Weapon 3 | . 2 1 Energy Gun . | . . . Energy Cannon . | . . . Ballistic Gun . | . . . Ballistic Cannon . | . . . Launcher 2 | . 2 . Special Weapon . | . . . Impact Weapon 1 | . . 1 Slashing Weapon . | . . . Piercing Weapon . | . . . Special Melee Weapon . | . . . Unidentified Prototypes . | . . . Parts Lost 2 | . 2 . Power . | . . . Propulsion . | . . . Utility . | . . . Weapon 2 | . 2 . Highest Loss Streak 2 | . 2 . Average Slot Usage (%) 27 | . 27 28 Engine 4 | . 7 2 Processor 12 | . 10 14 Launcher 4 | . 9 . Impact Weapon 5 | . . 11 Naked Turns 35 | . 35 . Heaviest Build 15 | . 15 7 Greatest Support 3 | 3 3 3 Greatest Overweight (x) 4 | . 4 2 Average Overweight (x) . | . . . Largest Inventory Capacity 4 | 4 4 4 Average Capacity 4 | 4 4 4 Most Carried 4 | . 4 4 Average Carried 3 | . 3 3 Final Capacity 4 | 4 4 4 Final Carried 4 | . 4 4 Class Distribution -------------------- 100% | Mutant Dominant Class ---------------- Mutant | -10/Materials Mutant | -10/Mines Resources | -11 -10 -10 ----------- Run | Scr Mat Min Matter Collected 248 | 200 . 48 Remotely . | . . . Salvage Created 84 | . 32 52 Parts 7 | . 4 3 Haulers Intercepted . | . . . Recyclers Shooed . | . . . Parts Field Recycled . | . . . Retrieved Matter . | . . . Parts Self-Destructed . | . . . Prevented . | . . . Kills | -11 -10 -10 ------- Run | Scr Mat Min Combat Hostiles Destroyed 2 | . 1 1 Melee 1 | . . 1 AOE 1 | . 1 . Classes Destroyed 3 | . 1 2 Worker 2 | . . 2 Swarmer 1 | . . 1 Grunt 1 | . 1 . Best Kill Streak 2 | . 1 2 Combat Bots Only 1 | . 1 1 Max Kills in Single Turn 1 | . 1 1 Gunslinging . | . . . Exploded 1 | . 1 . Melee 1 | . . 1 Uniques/NPCs Destroyed . | . . . Combat | -11 -10 -10 -------- Run | Scr Mat Min Damage Taken 487 | . 306 181 Core 254 | . 120 134 Absorbed by Shields . | . . . Core Remaining (%) 100 | 100 . . Volleys Fired 1 | . 1 . Largest 2 | . 2 . Hottest 66 | . 66 . Shots Fired 2 | . 2 . Gun . | . . . Cannon . | . . . Launcher 2 | . 2 . Special . | . . . Kinetic . | . . . Thermal . | . . . Explosive . | . . . Electromagnetic 2 | . 2 . Robot Hit Streak . | . . . Robot Miss Streak 2 | . 2 . Penetration Max . | . . . Secondary Targets . | . . . Shots Hit Robots 8 | . . 8 Core Hits 4 | . 2 2 Critical Hits . | . . . Critical Kills . | . . . Critical Parts Destroyed . | . . . Melee Attacks 14 | . . 14 Impact 14 | . . 14 Slashing . | . . . Piercing . | . . . Sneak Attacks 2 | . . 2 Combat Hostiles . | . . . Follow-up Attacks . | . . . Damage Inflicted 306 | . 58 248 Guns . | . . . Cannons . | . . . Explosions 58 | . 58 . Melee 248 | . . 248 Ramming . | . . . Kinetic . | . . . Thermal . | . . . Explosive . | . . . Electromagnetic 58 | . 58 . Impact 248 | . . 248 Slashing . | . . . Piercing . | . . . Highest Corruption . | . . . Average Corruption . | . . . Corruption Purged . | . . . Overload Shots . | . . . Overflow Damage 30 | . . 30 Projectiles . | . . . Explosions . | . . . Melee 30 | . . 30 Knockbacks 2 | . . 2 Impact 2 | . . 2 Kinetic . | . . . Secondary . | . . . Self-Inflicted Damage 8 | . 8 . Shots 1 | . 1 . Rammed . | . . . Targets Rammed . | . . . Kicked . | . . . Crushed . | . . . Highest Temperature 3 | . 3 . Average Temperature 3 | . 3 . Received Heat Transfer 213 | . 162 51 Siege Activations . | . . . Robots Corrupted . | . . . Combat Hostiles . | . . . Parts Fried 3 | . . 3 Impact Corruptions 2 | . . 2 Robots Melted . | . . . Combat Hostiles . | . . . Parts Melted . | . . . Heat Transferred . | . . . Parts Sabotaged . | . . . Parts Stolen . | . . . Parts Stripped . | . . . Power Chain Reactions . | . . . Missiles Intercepted . | . . . Alert | -11 -10 -10 ------- Run | Scr Mat Min Peak Influence 45 | . 30 45 Initial . | . . . Average 11 | . 7 16 Maximum Alert Level . | . . . Low Security (%) 100 | 100 100 100 Level 1 . | . . . Level 2 . | . . . Level 3 . | . . . Level 4 . | . . . Level 5 . | . . . High Security . | . . . Max Security . | . . . Squads Dispatched 3 | . 3 . Investigation 3 | . 3 . Extermination . | . . . Reinforcement . | . . . Assault . | . . . Garrison . | . . . Intercept . | . . . Construction Impeded . | . . . Haulers Reinforced . | . . . Stealth | -11 -10 -10 --------- Run | Scr Mat Min Distress Signals 1 | . 1 . Communications Jammed . | . . . Distress Signals . | . . . Times Spotted 11 | . 6 5 Peak Tracking Total 5 | . 5 4 Tactical Retreats 1 | . . 1 Traps | -11 -10 -10 ------- Run | Scr Mat Min Traps Triggered 2 | . 2 . Indirectly 2 | . 2 . Trap Hack Attempts . | . . . Triggered . | . . . Disarmed . | . . . Reprogrammed . | . . . Reused . | . . . Traps Extracted . | . . . Installed . | . . . Triggered . | . . . Machines | -11 -10 -10 ---------- Run | Scr Mat Min Machines Disabled 1 | . . 1 Max in Single Turn 1 | . . 1 Machines Sabotaged . | . . . Garrisons Compromised . | . . . Overloaded Fab Kills . | . . . Fab Network Shutdowns . | . . . Hacking | -11 -10 -10 --------- Run | Scr Mat Min Machines Accessed 1 | . 1 . Terminals 1 | . 1 . Fabricators . | . . . Repair Stations . | . . . Recycling Units . | . . . Scanalyzers . | . . . Garrison Access . | . . . Total Hacks 4 | . 4 . Successful 2 | . 2 . Failed 2 | . 2 . Catastrophic . | . . . Database Lockouts . | . . . Manual 4 | . 4 . Terminals 4 | . 4 . Fabricators . | . . . Repair Stations . | . . . Recycling Units . | . . . Scanalyzers . | . . . Garrison Access . | . . . Terminal Hacks . | . . . Fabricator Hacks . | . . . Repair Station Hacks . | . . . Recycling Unit Hacks . | . . . Scanalyzer . | . . . Garrison Access Hacks . | . . . Unauthorized Hacks 2 | . 2 . Terminals 2 | . 2 . Track 1 | . 1 . Assimilate 1 | . 1 . Fabricators . | . . . Repair Stations . | . . . Recycling Units . | . . . Scanalyzers . | . . . Garrison Access . | . . . Data Cores Recovered . | . . . Used . | . . . Hacking Detections 1 | . 1 . Full Trace Events 1 | . 1 . Feedback Events . | . . . Feedback Blocked . | . . . Robot Schematics Acquired . | . . . Robots Built . | . . . Matter . | . . . Time . | . . . Total Robot Build Rating . | . . . Part Schematics Acquired . | . . . Parts Built . | . . . Matter . | . . . Time . | . . . Total Part Build Rating . | . . . Parts Repaired . | . . . Time . | . . . Parts Recycled . | . . . Recycled Matter . | . . . Retrieved Matter . | . . . Retrieved Components . | . . . Parts Scanalyzed . | . . . Part Schematics Acquired . | . . . Parts Damaged . | . . . Bothacking | -11 -10 -10 ------------ Run | Scr Mat Min Used RIF Installer . | . . . Robots Hacked . | . . . Non-combat . | . . . Combat . | . . . Robot Hacks Applied . | . . . Relay Couplers Released . | . . . Robots Rewired . | . . . Allies Hacked . | . . . Hacks Repelled . | . . . Allies | -11 -10 -10 -------- Run | Scr Mat Min Total Allies 1 | . 1 . Largest Group 1 | . 1 . Highest-Rated Group 10 | . 10 . Highest-Rated Ally 10 | . 10 . Total Orders . | . . . Ally Attacks . | . . . Total Damage . | . . . Kills . | . . . Allies Corrupted . | . . . Allies Melted . | . . . Intel | -11 -10 -10 ------- Run | Scr Mat Min Robot Analysis Total . | . . . Derelict Logs Recovered . | . . . Drone Launches . | . . . Drone Recoveries . | . . . Exploration | -11 -10 -10 ------------- Run | Scr Mat Min Turns Passed 243 | 13 119 111 Spaces Moved 266 | 26 121 119 Core 266 | 26 121 119 Treads . | . . . Legs . | . . . Wheels . | . . . Hover . | . . . Flight . | . . . Fastest Speed 50 | 50 50 50 Average Speed 71 | 50 87 60 Slowest Speed 250 | 50 250 150 Overloaded Moves . | . . . Propulsion Burnouts . | . . . Robots Hopped . | . . . Cave-ins Triggered . | . . . Exploration Rate (%) 19 | 4 26 29 Regions Visited 2 Branch Regions 1 Pre-discovered Areas . | . . . Known Exits Taken . | . . . Unknown Exits Taken 2 | 1 1 . Scrap Searched 1 | . . 1 Spaces Dug . | . . . Terrain Destroyed . | . . . Melee . | . . . Projectile . | . . . AOE . | . . . Terrain Rammed . | . . . Walls Destroyed . | . . . Machines Disabled . | . . . Actions | -11 -10 -10 --------- Run | Scr Mat Min Total 295 | 25 131 139 Wait 5 | . 2 3 Move 264 | 25 120 119 Hop . | . . . Pick Up 5 | . 4 1 Fast Attach 4 | . 4 . Attach 1 | . . 1 Detach . | . . . Swap . | . . . Drop 1 | . . 1 Fire 1 | . 1 . Melee 14 | . . 14 Ram . | . . . Kick . | . . . Crush . | . . . Escape Stasis . | . . . Rewire . | . . . Trap . | . . . Miscellaneous . | . . . Route ------- -11/Scrapyard -10/Materials -10/Mines History --------- Turn | Location | Event 6 | -11/Scrapyard | Discovered new exit (range 16) 14 | -11/Scrapyard | Entered Materials 43 | -10/Materials | Discovered new exit (range 11) 133 | -10/Materials | Entered Mines 216 | -10/Mines | Core integrity fell below 50% 241 | -10/Mines | Core integrity fell below 20% 244 | -10/Mines | Destroyed by G-34 Mercenary with Small Laser Last Messages --------------- 00161_ K-01 Serf knocked back. 00162_ K-01 Serf system terminally corrupted. 00162_ Med. Matter Pod fried. 00162_ Wheel fried. 00164_ Acquired 22 matter. 00170_ Searching scrap... 00170_ Found Terrain Scanner. 00170_ Found Propulsion Shielding. 00170_ Found Lrg. Storage Unit. 00170_ Found 30 Matter. 00171_ Acquired 26 matter. 00181_ Laser Drill disabled. 00211_ Sneak attack on K-01 Serf. 00211_ K-01 Serf destroyed. 00223_ Destroyed Flight Unit. 00223_ S-10 Pest system corrupted by crushing effect. 00228_ S-10 Pest knocked back. 00229_ S-10 Pest misfires. 00231_ Flight Unit fried. 00231_ S-10 Pest destroyed. Map ----- +----------------------------------------------------+ | ???????# ######?# #????????## ##?###?? | | ???????# #??????#########????????# ## ##? | | ???????# #???????????# ????????? #? | | ???????# #?????####??# #?????????# #? | | ?????### ####### ##?# #?????????# #?? | | ?????# = ### #??######?# """ #??? | | ?????# #### ### ## #?## ### """ #???? | | ?????# ???# ### ## ### " " #???? | | ?????#????# ## #????? | | ??????????# ## ! ###### ### ####????? | | ??????????# %! #????# #?## ##???????? | | ??????????##### !##???# ##??# ##???????? | | ??????????????## #???# ##???## ####????? | | ???????????????# #???# #?????## #????? | | ???????????????# #???# ##?###### #????? | | ???????????????## #???## ##??# #????? | | ????????????????###????####???# #### ##????? | | ?????????????????????????###???????# ##?????? | | ?????????????????????????# ???????# #??????? | | ?????????????????????????# #???????# #??????? | | ?????????????????????????# ######### ##?????? | | ?????????????????????????# ##????? | | ?????????????????????????# ##### ## ##???? | | ?????????????????????????# #???# ### ##??? | | ??????????????# ##########g#???# #?## #??? | | ??????????????# =%! % @g#???# #??## #??? | | ??????????????######### ####??? ???## #??? | | ??????????????????????# #?????? ????## ##?? | | ??????????????????????# #??????" ?????# #?? | | ??????????????????????# #??????" ????## #?? | | ?????????????????????? #??????" ????# #?? | | ??????????????????????" ??????" ????# #?? | | ??????????????????????" ?????? ???## ##?? | | ??????????????????????" #?????? ????####??? | | ?????????????????????? ????????###??????????? | | ?????????????????????? #?????????????????????? | | ??????????????????????#??????????????????????? | | ?????????????????????????????????????????????? | | ?????????????????????????????????????????????? | | ?????????????????????????????????????????????? | | ?????????????????????????????????????????????? | | ?????????????????????????????????????????????? | | ?????????????????????????????????????????????? | | ?????????????????????????????????????????????? | | ?????????????????????????????????????????????? | | ?????????????????????????????????????????????? | | ?????????????????????????????????????????????? | | ?????????????????????????????????????????????? | | ?????????????????????????????????????????????? | | ?????????????????????????????????????????????? | +----------------------------------------------------+ Best States ------------- Heat Dissipation 25 Energy Generation 5 Energy Capacity 265 Matter Stores 300 Matter Capacity 300 Sight Range 16 Terrain Scan Density 10 Evasion (%) 50 Item Schematics ----------------- None Robot Schematics ------------------ None Fabricated ------------ Nothing Alien Tech Used ----------------- None Achievements -------------- None Challenges ------------ None Game ------ Seed SwordRocketNetwork Manual? 0 Play Time 00:04:35 Cumulative 56.5 hours Start 2020.09.24 @ 21:34:28 End 2020.09.24 @ 21:37:57 Sessions 1 Manual Loads 0 Difficulty Rogue Special Mode None Game No. 71 Rogue 48 Adventurer 22 Explorer 1 Win Type - Total 1 Types 1/0/0/0/0/0/0/0/0 Lore% 33 Gallery% 41 Achievement% 33 Wizard Run 0 Options --------- ASCII 0 Keyboard 0 Movement Numpad Keybinds 0 Fullscreen 1 Font 14/SmallcapsGlow Map View 84x54 Tactical HUD 1 Map Filters NONE Filters NONE Steam 1 RUN: 02b873bc-bae4-4024-8333-ba3d5c657512